 Dungeon Crawl Stone Soup version 0.28.0-53-g5a82cb258f (webtiles) character file.

Game seed: 9805111448584117403

469 jiml777 the Magician (level 6, -4/32 HPs)
             Began as a Deep Elf Air Elementalist on June 16, 2022.
             Was an Initiate of Gozag.
             Killed from afar by an electric eel (9 damage)
             ... with a bolt of electricity
             ... on level 8 of the Dungeon.
             The game lasted 00:24:28 (4785 turns).

jiml777 the Magician (Deep Elf Air Elementalist)    Turns: 4785, Time: 00:24:29

Health: -4/32      AC:  0    Str:  5    XL:     6   Next: 82%
Magic:  18/18      EV: 15    Int: 22    God:    Gozag
Gold:   144        SH:  0    Dex: 15    Spells: 15/16 levels left

rFire   . . .      SeeInvis .   (weapon currently unavailable)
rCold   . . .      Faith    .   (shield currently unavailable)
rNeg    . . .      Spirit   .   (armour currently unavailable)
rPois   .          Reflect  .   (helmet currently unavailable)
rElec   .          Harm     .   (cloak currently unavailable)
rCorr   .          Rampage  .   (gloves currently unavailable)
Will    .....                   (boots currently unavailable)
Stlth   ++........              (no amulet)
HPRegen 0.10/turn               (ring currently unavailable)
MPRegen 0.16/turn               (ring currently unavailable)

@: pig-form, very quick
A: fast, no casting, small, (horns 1), high MP 1
a: Renounce Religion, Potion Petition, Call Merchant, Bribe Branch


You were on level 8 of the Dungeon.
You worshipped Gozag.
Gozag was aware of your devotion.
You were a filthy swine.
You visited 2 branches of the dungeon, and saw 7 of its levels.
You also visited: Ossuary.

You collected 196 gold pieces.
You paid 52 gold pieces to Gozag.

Inventory:

Hand Weapons
 b - a +0 short sword (melded)
Missiles
 c - 91 stones
 i - 35 bolts
 m - 4 poisoned darts
Armour
 a - a +1 robe (melded)
Jewellery
 j - a +4 ring of protection (melded)
 p - a ring of see invisible (melded)
Wands
 l - a wand of iceblast (23)
Scrolls
 g - a scroll of vulnerability {unknown}
 n - a scroll of enchant weapon {unknown}
 o - 4 scrolls of blinking {unknown}
 s - a scroll of fog {unknown}
 u - 2 scrolls of fear {unknown}
Potions
 d - a potion of berserk rage {unknown}
 k - 3 potions of haste
 r - a potion of cancellation {unknown}
 t - a potion of magic {unknown}
 v - a potion of mutation
 w - a potion of flight {unknown}
 x - 3 potions of heal wounds
 z - a potion of curing {unknown}


   Skills:
 + Level 2.6 Dodging
 + Level 3.2 Stealth
 + Level 5.9 Spellcasting
 + Level 3.4 Conjurations
 + Level 4.8 Air Magic
 * Level 2.7 Evocations


You had 15 spell levels left.
You knew the following spells:

 Your Spells              Type           Power      Damage    Failure   Level
a - Shock                 Conj/Air       96%        1d9       1%          1

Your spell library contained the following spells:

 Spells                   Type           Power      Damage    Failure   Level
 Static Discharge         Conj/Air       24%        N/A       2%          2
 Swiftness                Air            27%        N/A       3%          3
 Airstrike                Air            13%        N/A       12%         4
 Ozocubu's Armour         Ice            6%         N/A       28%         3
 Ozocubu's Refrigeration  Ice            3%         4d5       100%        7


Dungeon Overview and Level Annotations

Branches:
Dungeon (5/15)             Temple (1/1) D:4         Ossuary (visited)

Altars:
Ashenzari
Dithmenos
Elyvilon
Fedhas
Gozag
Hepliaklqana
Kikubaaqudgha
Makhleb
Okawaru
Sif Muna
Trog
Uskayaw
Vehumet
Xom
Yredelemnul
The Shining One

Annotations:
D:8 Psyche


Innate Abilities, Weirdness & Mutations

You are a filthy swine.
You move quickly.
Your equipment is almost entirely melded.
You are incapable of wielding weapons or throwing items.
You cannot cast spells.
((You have a pair of small horns on your head.))
You have an increased reservoir of magic. (+10% MP)


Message History

The bolt of electricity hits you. The bolt of electricity hits you!
The electric eel shoots out a bolt of lightning at you!
The bolt of electricity hits you.
* * * LOW HITPOINT WARNING * * *
The bolt of electricity hits you.
* * * LOW HITPOINT WARNING * * *
Psyche the Insane Magess comes into view.
She is wielding a +0 dagger of distortion, wearing a +2 robe of fire resistance and carrying a wand of digging (6).
Found a stone staircase leading up.
As you read the scroll of teleportation, it crumbles to dust.
You feel strangely unstable.
Psyche is nearby!
You start resting.
Your surroundings suddenly seem different.
A bullfrog, a necrophage, a centaur zombie and 6 orcs come into view.
An orc is wielding a +0 short sword and quivering silver boomerangs.
Found 10 gold pieces.
Found a white marble altar of Elyvilon.
The centaur zombie moves out of view.
As you read the scroll of teleportation, it crumbles to dust.
You feel strangely unstable.
An orc comes into view. It is wielding a +0 hand axe.
The orc shouts! x2; The bullfrog gives a loud, deep croak!
The orc warrior shouts!
The orc shouts!
The orc throws a silver boomerang.
The silver boomerang barely misses you.
You hear a shout!
The orc shouts!
You hear a shout! x4
Your surroundings suddenly seem different.
Psyche shouts!
Psyche gestures at you while chanting.
You turn into a filthy swine.
Your +0 short sword melds into your body.
Your +1 robe melds into your body.
Your +4 ring of protection melds into your body.
Your ring of see invisible melds into your body.
Psyche casts a spell.
Psyche flickers and vanishes!
Deactivating autopickup; reactivate with Ctrl-A.
You hear a zap.
You hear a grinding noise.
The electric eel shoots out a bolt of lightning at you!
The bolt of electricity hits you!
You die...
Your body crumbles into a pile of gold.

#.#Z#.#.#.#.#.###.#
#....Fo.......#..$# .
############.....# ..
#.....# ... #.# ....
##.# .<...####
####..#
........######....##
#.....h......#####
######..####.....####
≈≈≈≈.# #####....##
≈≈≈≈#≈[# ####..##
###≈#≈## ##... ≈ #≈#
#### ≈≈ S≈# # .# ###
# #


You could see an electric eel.

Vanquished Creatures
  A centaur (D:4)
  Blork the orc (D:4)
  A howler monkey (D:4)
  2 centaur zombies (Ossuary)
  Jessica (D:3)
  Ijyb (D:3)
  4 mummies (Ossuary)
  4 adders
  6 worms
  2 dart slugs
  3 ball pythons
  9 endoplasms
  3 giant cockroaches
  6 goblins
  5 hobgoblins
  3 jackals (D:2)
  3 quokkas
  4 bats
  2 frilled lizards (D:3)
  2 gnoll zombies (Ossuary)
  A goblin zombie (Ossuary)
  3 hobgoblin zombies (Ossuary)
  7 kobolds
  2 rats (D:3)
76 creatures vanquished.

Notes
Turn   | Place    | Note
-------+----------+-------------------------------------------
     0 | D:1      | jiml777 the Deep Elf Air Elementalist began the quest for
                  | the Orb.
     0 | D:1      | Reached XP level 1. HP: 10/10 MP: 6/6
   183 | D:1      | Reached XP level 2. HP: 15/15 MP: 5/8
  1194 | D:2      | Reached XP level 3. HP: 19/19 MP: 7/10
  2299 | D:2      | Reached XP level 4. HP: 24/24 MP: 9/11
  2487 | D:3      | Reached skill level 4 in Spellcasting
  2540 | D:3      | Noticed Ijyb
  2553 | D:3      | Gained mutation: You have sharp toenails. [potion of
                  | mutation]
  2562 | D:3      | Killed Ijyb
  2563 | D:3      | Reached skill level 1 in Evocations
  2791 | D:3      | Lost mutation: You have sharp toenails. [potion of
                  | mutation]
  2791 | D:3      | Gained mutation: You have a pair of small horns on your
                  | head. [potion of mutation]
  2791 | D:3      | Gained mutation: You have an increased reservoir of magic.
                  | (+10% MP) [potion of mutation]
  2910 | D:3      | Noticed Jessica
  2914 | D:3      | Killed Jessica
  3105 | D:3      | Reached XP level 5. HP: 28/28 MP: 11/14
  3199 | D:3      | Found an iron altar of Okawaru.
  3347 | D:4      | Found a sand-covered staircase.
  3374 | Ossuary  | Entered an ossuary
  3550 | Ossuary  | Reached skill level 5 in Spellcasting
  3802 | D:4      | Noticed a centaur
  3803 | D:4      | Reached XP level 6. HP: 32/32 MP: 14/17
  3969 | D:4      | Found a staircase to the Ecumenical Temple.
  4028 | Temple   | Entered the Ecumenical Temple
  4120 | Temple   | Became a worshipper of Gozag Ym Sagoz the Greedy
  4329 | D:4      | Noticed Blork the orc
  4340 | D:4      | Killed Blork the orc
  4563 | D:4      | Found a hazy altar of Hepliaklqana.
  4659 | D:4      | Found a shimmering blue altar of Sif Muna.
  4697 | D:5      | Entered Level 5 of the Dungeon
  4743 | D:5      | You fall into a shaft and drop 3 floors!
  4763 | D:8      | Noticed an orc warrior
  4774 | D:8      | Noticed Psyche
  4777 | D:8      | Found a white marble altar of Elyvilon.
  4777 | D:8      | Noticed an orc warrior
  4785 | D:8      | Killed from afar by an electric eel

Illustrated notes

Levels and vault maps discovered:
D:1:      roderic_dead_forest, layout_basic
D:2:      layout_loops_cross, minivault_5, minmay_misc_feat_five
D:3:      layout_basic, lemuel_coloured_pillars_altar, minivault_11,
          uniq_jessica, uniq_ijyb
D:4:      layout_basic, tgw_sif, nicolae_hepliaklqana_hippocampus,
          minmay_temple_entry_waves, nicolae_ossuary_entry_monument
D:5:      layout_loops_ring, nicolae_ru_the_path_less_chosen,
          hellmonk_ghost_happy_afterlife, kennysheep_generic_room_3,
          uniq_blork_the_orc
D:8:      layout_rooms, grunt_temple_overflow_open, elyvilon_altar_5,
          minmay_crystal_water, uniq_psyche
Temple:   minmay_temple_bridge_abc

Skill      XL: |  1  2  3  4  5 |
---------------+----------------+-----
Conjurations   | 2 3 |  3.4
Spellcasting   | 4 5 |  5.9
Air Magic      | 4 |  4.8
Evocations     | 1 2 |  2.7
Stealth        | 3 |  3.2
Dodging        | |  2.6

Action                   |  1- 3 |  4- 6 || total
-------------------------+-------+-------++-------
Melee: Short sword       |       |     6 ||     6
 Cast: Shock             |    68 |   103 ||   171
  Use: Potion            |       |     5 ||     5
       Scroll            |       |     6 ||     6
 Stab: Invisible         |       |     1 ||     1
Armor: Robe              |     5 |    11 ||    16
       Skin              |       |     6 ||     6
Dodge: Dodged            |    13 |    29 ||    42
